 Dungeon Crawl Stone Soup version 0.31-a0-408-gb642c7f9a3 (webtiles) character file.

Game seed: 15207277932656165571

29575 floatRand the Brawler (level 13, -4/89 HPs)
             Began as a Purple Draconian Shapeshifter on July 29, 2023.
             Was an Elder of Wu Jian.
             Slain by a catoblepas (27 damage)
             ... on level 5 of the Lair of Beasts.
             The game lasted 00:19:52 (15568 turns).

floatRand the Brawler (DrSh)                       Turns: 15568, Time: 00:19:54

Health: -4/89      AC: 14    Str: 18    XL:     13   Next: 15%
Magic:  13/13      EV: 14    Int:  9    God:    Wu Jian [****..]
Gold:   1230       SH:  5    Dex: 16    Spells: 12/12 levels left

rFire   . .          .
                       - Unarmed
rCold   . . .        (shield currently unavailable)
rNeg    . . .        (body armour unavailable)
rPois   .            C - +0 hat {Stlth+}
rElec   .            q - +0 cloak
rCorr   +            (gloves currently unavailable)
SInv    .            h - +0 pair of boots
Will    +....        r - amulet of reflection
Stlth   ++++         g - +4 ring of protection
HPRegen 0.34/turn    i - ring of resist corrosion
MPRegen 0.13/turn

%: reflection
@: blade hands, spiked
A: breathe power, AC +8, unfitting armour, cold-blooded
a: Breathe Dispelling Energy, Begin Untransformation, Renounce Religion, Wall
Jump, Serpent's Lash


You were on level 5 of the Lair of Beasts.
You worshipped Wu Jian.
Wu Jian was greatly pleased with you.
You had blades for hands.
You visited 3 branches of the dungeon, and saw 16 of its levels.
You also visited: Sewer.

You collected 1308 gold pieces.
You spent 78 gold pieces at shops.

Inventory:

Hand Weapons
 v - a +0 orcbow
Armour
 h - a +0 pair of boots (worn)
 q - a +0 cloak (worn)
 C - a +0 hat of stealth (worn)
Jewellery
 g - a +4 ring of protection (left blade hand)
 i - a ring of resist corrosion (right blade hand)
 m - an amulet of the acrobat
 r - an amulet of reflection (around neck)
 z - a ring of magical power
 E - a ring of ice
Talismans
 b - a beast talisman
 F - a blade talisman
 J - a maw talisman
Wands
 x - a wand of polymorph (6)
 A - a wand of charming (9)
 K - a wand of iceblast (3)
 L - a wand of digging (6)
Scrolls
 c - 2 scrolls of immolation
 d - a scroll of brand weapon
 e - 4 scrolls of vulnerability
 f - a scroll of torment {unknown}
 k - 2 scrolls of enchant weapon
 u - 6 scrolls of teleportation
 y - a scroll of revelation
 D - a scroll of butterflies
 H - a scroll of amnesia
Potions
 a - a potion of lignification
 j - a potion of resistance
 l - 3 potions of curing
 n - 2 potions of berserk rage
 o - 4 potions of invisibility
 p - a potion of cancellation {unknown}
 s - 6 potions of brilliance
 t - 5 potions of enlightenment
 w - a potion of haste
 B - 2 potions of might
 G - a potion of magic {unknown}
 I - a potion of ambrosia {unknown}
 M - a potion of heal wounds


   Skills:
 - Level 1.1 Fighting
 + Level 4.8 Dodging
 + Level 4.7 Stealth
 * Level 17.4 Unarmed Combat
 + Level 0.0 Evocations
 * Level 11.1 Shapeshifting


You had 12 spell levels left.
You didn't know any spells.
Your spell library contained the following spells:

 Spells                   Type           Power      Damage    Failure   Level
 Poisonous Vapours        Pois/Air       0%         N/A       88%         2
 Wereblood                Tmut           0%         N/A       88%         2
 Mephitic Cloud           Conj/Pois/Air  0%         N/A       97%         3
 Stone Arrow              Conj/Erth      0%         3d7       97%         3
 Summon Guardian Golem    Hex/Summ       0%         N/A       97%         3
 Olgreb's Toxic Radiance  Pois           0%         N/A       100%        4
 Summon Ice Beast         Ice/Summ       0%         N/A       100%        4
 Freezing Cloud           Conj/Ice/Air   0%         6-21      100%        5
 Irradiate                Conj/Tmut      0%         3d11      100%        5
 Summon Mana Viper        Hex/Summ       0%         N/A       100%        5
 Monstrous Menagerie      Summ           0%         N/A       100%        7
 Orb of Destruction       Conj           0%         9d5       100%        7
 Spellforged Servitor     Conj/Summ      0%         N/A       100%        7
 Discord                  Hex            0%         N/A       100%        8
 Ignition                 Fire           0%         3d3       100%        8
 Lehudib's Crystal Spear  Conj/Erth      0%         10d2      100%        8
 Animate Armour           Summ/Erth      Unusable   N/A       N/A         4

Dungeon Overview and Level Annotations

Branches:
Dungeon (10/15)            Temple (1/1) D:6            Lair (5/5) D:8
 Shoals (0/4) Lair:2       Spider (0/4) Lair:2          Orc (0/2) D:10
  Sewer (visited)
  Slime: Lair:4-5

Altars:
Ashenzari
Cheibriados
Dithmenos
Elyvilon
Fedhas
Gozag
Hepliaklqana
Kikubaaqudgha
Makhleb
Nemelex Xobeh
Okawaru
Qazlal
Ru
Sif Muna
Trog
Uskayaw
Vehumet
Wu Jian
Xom
Yredelemnul
Zin
The Shining One

Shops:
D:4 (   D:7 *

Annotations:
D:9 exclusion: oklob plant


Innate Abilities, Weirdness & Mutations

You have blades for hands.
Your spellcasting is less reliable in this form.
You are incapable of wielding weapons or throwing items.
You can breathe bolts of dispelling energy.
Your rich purple scales are hard. (AC +8)
You cannot fit into any form of body armour.
You are cold-blooded and may be slowed by cold attacks.


Message History

You shout for attention!
The catoblepas bellows!
You hit the catoblepas but do no damage.
You tail-slap the catoblepas, but do no damage.
The catoblepas gores you!!
You slice the catoblepas!!
The catoblepas is moderately wounded.
Unknown command.
You slash the catoblepas!
The catoblepas is heavily wounded.
The catoblepas breathes a plume of calcifying dust at you.
The blast of calcifying dust hits you.
The manticore flicks its tail.
The volley of spikes hits you!
The barbed spikes become lodged in your body.
The barbs in your skin will harm you if you move.
Continue?
Okay, then.
The barbs in your skin will harm you if you move.
Continue?
The barbed spikes dig painfully into your body as you move.
You spin and attack the catoblepas.
You slash the catoblepas!
The catoblepas is heavily wounded.
The catoblepas gores you! The manticore closely misses you.
You block the manticore's attack.
The manticore claws you but does no damage.
Unknown command.
You slice the catoblepas!!
The catoblepas is almost dead.
The catoblepas breathes a plume of calcifying dust at you.
The blast of calcifying dust hits you!
The manticore bites you but does no damage.
You block the manticore's attack. The manticore barely misses you.
Unknown command.
The barbed spikes dig painfully into your body as you move.
* * * LOW HITPOINT WARNING * * *
You spin and attack the manticore.
You slice the manticore!!
The manticore is heavily wounded.
You spin and attack the catoblepas.
You hit the catoblepas.
The catoblepas is almost dead.
The catoblepas gores you!!
You die...

.. #...####...## #.......(....
.### #...##....# #............
..## #......## #............
#..## ##...##PP# #............
##..P# ##..####### ##...........
#...## #..## ### #^....P.....
##...###.## ###.## #P....PP....
##........####....## #...........
#..###HY...##..H@..###...........
§§## ###...#...Y§§###............
..# ##.....##§.# #..[........#
### ###.###..§# #.........##. .#
#######...####..........## .P#
#P.###...## #...........P# ###
#......## ##...........P#
###......###.............#
###......8.................#


You could see a catoblepas and a manticore.

Vanquished Creatures
  Gastronok (D:10)
  A hydra (Lair:5)
  Erolcha (D:9)
  Erica (D:10)
  A boulder beetle (D:8)
  2 catoblepae (Lair:5)
  A death yak (Lair:5)
  Urug (D:10)
  A skyshark (Lair:5)
  Lodul (D:9)
  A lindwurm (Lair:5)
  Pikel (D:5)
  A manticore (Lair:5)
  2 cyclopes (D:8)
  6 elephants (Lair:3)
  4 cane toads
  Maurice (D:9)
  A gargoyle (D:8)
  5 komodo dragons
  A kobold demonologist (D:10)
  A troll (D:10)
  A hornet (D:10)
  3 polar bears
  9 blink frogs
  Sigmund (D:3)
  A wyvern (Lair:1)
  A vampire (D:9)
  48 yaks
  2 steam dragons
  Edmund (D:5)
  A warg (D:10)
  An acid dragon (D:7)
  9 water moccasins
  An orc warrior (D:8)
  3 ice beasts
  7 ogres
  2 sky beasts
  A black bear (D:5)
  4 centaurs
  2 phantoms
  A kobold brigand (D:8)
  A lemure (D:5)
  9 bullfrogs
  4 scorpions
  6 wights
  7 killer bees
  3 howler monkeys
  2 electric eels
  A hound (D:5)
  2 orc priests
  A jelly (D:5)
  6 iguanas
  8 orc wizards
  A sickly merfolk siren (Sewer)
  A malarious merfolk avatar (Sewer)
  3 gnolls (D:6)
  6 adders
  4 river rats
  A shadow imp (D:7)
  2 white imps
  An ufetubus (D:4)
  2 worms
  A dart slug (D:4)
  21 orcs
  10 ball pythons
  3 bats
  7 endoplasms
  5 giant cockroaches
  8 goblins
  6 hobgoblins
  5 jackals (D:2)
  6 quokkas
  10 frilled lizards
  10 kobolds
  31 rats
328 creatures vanquished.

Notes
Turn   | Place    | Note
-------+----------+-------------------------------------------
     0 | D:1      | floatRand the Draconian Shapeshifter began the quest for
                  | the Orb.
     0 | D:1      | Reached XP level 1. HP: 16/16 MP: 1/1
   102 | D:1      | Reached XP level 2. HP: 23/23 MP: 2/2
   260 | D:1      | Reached skill level 4 in Unarmed Combat
   568 | D:2      | Reached XP level 3. HP: 28/28 MP: 3/3
   881 | D:2      | Found a faded altar of an unknown god.
  1245 | D:3      | Reached skill level 5 in Unarmed Combat
  1245 | D:3      | Reached XP level 4. HP: 35/35 MP: 4/4
  1502 | D:3      | Noticed Sigmund
  1526 | D:3      | Killed Sigmund
  1527 | D:3      | Reached skill level 6 in Unarmed Combat
  1527 | D:3      | Reached XP level 5. HP: 40/40 MP: 2/5
  2018 | D:3      | Reached XP level 6. HP: 47/47 MP: 6/6
  2421 | D:4      | Reached skill level 7 in Unarmed Combat
  2653 | D:4      | Found Evuwe's Antique Weapon Boutique.
  2934 | D:4      | Found a glowing drain.
  2954 | Sewer    | Entered a sewer
  3224 | Sewer    | Reached skill level 8 in Unarmed Combat
  3234 | Sewer    | Your scales start taking on a rich purple colour.
  3234 | Sewer    | Reached XP level 7. HP: 42/52 MP: 7/7
  3787 | D:5      | Entered Level 5 of the Dungeon
  3813 | D:5      | Noticed Pikel
  3832 | D:5      | Killed Pikel
  3833 | D:5      | Reached skill level 9 in Unarmed Combat
  4061 | D:5      | Reached XP level 8. HP: 53/59 MP: 8/8
  4063 | D:5      | Reached skill level 10 in Unarmed Combat
  4413 | D:5      | Noticed Edmund
  4423 | D:5      | Killed Edmund
  4622 | D:5      | Reached skill level 11 in Unarmed Combat
  5276 | D:6      | Reached skill level 12 in Unarmed Combat
  5276 | D:6      | Reached XP level 9. HP: 64/64 MP: 9/9
  5341 | D:6      | Found a staircase to the Ecumenical Temple.
  5360 | Temple   | Entered the Ecumenical Temple
  5367 | Temple   | Became a worshipper of the Wu Jian Council
  6099 | D:7      | Found Vanuaroy's Assorted Antiques.
  6102 | D:7      | Bought a murky grey potion for 26 gold pieces
  6102 | D:7      | Bought 2 blue potions for 52 gold pieces
  6481 | D:8      | Noticed a cyclops
  6506 | D:8      | Killed a cyclops
  6507 | D:8      | Reached skill level 13 in Unarmed Combat
  6741 | D:8      | Noticed a boulder beetle
  6765 | D:8      | Found a shadowy altar of Dithmenos.
  6776 | D:8      | Noticed a komodo dragon
  6803 | D:8      | Killed a komodo dragon
  6824 | D:8      | Reached skill level 14 in Unarmed Combat
  6966 | D:8      | Found a staircase to the Lair.
  7094 | D:8      | Killed a boulder beetle
  7095 | D:8      | Reached XP level 10. HP: 38/71 MP: 10/10
  7272 | D:8      | Reached * piety under Wu Jian
  7386 | D:8      | Found a white marble altar of Elyvilon.
  7416 | D:8      | Reached skill level 15 in Unarmed Combat
  7617 | D:8      | Noticed a gargoyle
  7632 | D:8      | Killed a gargoyle
  7699 | D:8      | Found a sacrificial altar of Ru.
  7771 | D:8      | Found an opulent altar of Gozag.
  7788 | D:8      | Noticed a cyclops
  7796 | D:8      | Killed a cyclops
  8068 | D:9      | Noticed Maurice
  8239 | D:9      | Killed Maurice
  8240 | D:9      | Reached skill level 5 in Shapeshifting
  8358 | D:9      | Noticed Erolcha
  8411 | D:9      | Found a blossoming altar of Fedhas.
  8430 | D:9      | Noticed an oklob plant
  8510 | D:9      | HP: 2/71 [Erolcha/+0 giant club (30)]
  8512 | D:9      | Killed Erolcha
  8950 | D:9      | Found a radiant altar of Vehumet.
  8953 | D:9      | Found a broken altar of Ashenzari.
  8964 | D:9      | Found a shimmering altar of Xom.
  8974 | D:9      | Found a sparkling altar of Nemelex Xobeh.
  9400 | D:10     | Entered Level 10 of the Dungeon
  9401 | D:10     | Found a staircase to the Orcish Mines.
  9410 | D:10     | Reached XP level 11. HP: 63/77 MP: 11/11
  9515 | D:10     | Noticed Erica
  9520 | D:10     | Noticed Gastronok
  9527 | D:10     | HP: 2/77 [rock wall collision (13)]
  9528 | D:10     | Killed Erica
  9873 | D:10     | Killed Gastronok
 10148 | D:10     | Reached ** piety under Wu Jian
 10412 | D:10     | Noticed Lodul
 10605 | D:9      | Killed Lodul
 10759 | D:10     | Noticed Urug
 10780 | D:10     | Killed Urug
 10985 | D:10     | Reached skill level 16 in Unarmed Combat
 11294 | Lair:1   | Entered Level 1 of the Lair of Beasts
 11382 | Lair:1   | Reached skill level 1 in Stealth
 11469 | Lair:1   | Reached XP level 12. HP: 63/83 MP: 12/12
 11477 | Lair:1   | Reached *** piety under Wu Jian
 12119 | Lair:1   | Reached skill level 10 in Shapeshifting
 12429 | Lair:2   | Found a staircase to the Shoals.
 12995 | Lair:2   | Found a hole to the Spider Nest.
 13192 | Lair:2   | Noticed an ice dragon
 13604 | Lair:3   | You fall into a shaft and drop 2 floors!
 13604 | Lair:5   | Entered Level 5 of the Lair of Beasts
 13733 | Lair:5   | Noticed a catoblepas
 13836 | Lair:5   | Noticed a death yak
 13854 | Lair:5   | Killed a death yak
 13936 | Lair:5   | Reached skill level 17 in Unarmed Combat
 14175 | Lair:5   | Reached **** piety under Wu Jian
 14179 | Lair:5   | Noticed an eight-headed hydra
 14196 | Lair:5   | Killed an eight-headed hydra
 14513 | Lair:5   | Noticed a catoblepas
 14533 | Lair:5   | Killed a catoblepas
 14550 | Lair:5   | Reached XP level 13. HP: 22/89 MP: 13/13
 15568 | Lair:5   | Slain by a catoblepas

Illustrated notes

Levels and vault maps discovered:
D:1:      minmay_arrival_loop, layout_basic
D:2:      layout_rooms, hellmonk_ecumenical_altar_inner_sanctum,
          hangedman_glass_teeth, st_stairs_7
D:3:      layout_basic, uniq_sigmund
D:4:      layout_loops_ring, serial_shops, nicolae_shop_waterfront,
          portal_sewer_entry_b
D:5:      layout_basic, uniq_pikel, uniq_edmund
D:6:      layout_loops_cross, minmay_temple_entry_mini_moons,
          minmay_misc_feat_four_crosses, minmay_misc_feat_ornament
D:7:      layout_gridville, serial_shops, nicolae_shop_tiny_real_fake_doors
D:8:      cheibrodos_quashed, layout_basic, nicolae_elyvilon_temple_path,
          mainiacjoe_overflow_24_doors, nicolae_dithmenos_shadow_blocks,
          mainiacjoe_overflow_alcove_2, david_lair_shrubbed, kb_rosetta
D:9:      layout_cave_pools, grunt_temple_overflow_cloverleaf, tgw_fedhas,
          uniq_maurice, uniq_erolcha
D:10:     layout_loops_cross, david_orc_3, uniq_erica, uniq_urug, uniq_lodul,
          uniq_gastronok
Temple:   cyrus_circular_temple
Lair:1:   layout_gridlike, st_stairs_7, beast_lair_carwin_11
Lair:2:   dragon1_lemuel, layout_small_grid, shoals_dummy_entry,
          nicolae_spider_entry_orb_guardian, serial_bayou_shore_a,
          lemuel_fruit_tree
Lair:3:   layout_chaotic_city, uniq_rupert
Lair:4:   layout_cave_pods, dpeg_slime_entry_enclosed, grunt_megastairs_1,
          serial_bayou_shore_b, uniq_josephine
Lair:5:   evilmike_catoblepas_cave, layout_cave_shapes

Skill      XL: |  1  2  3  4  5  6  7  8  9 10 11 12 13 |
---------------+----------------------------------------+-----
Unarmed Combat | 4 5 6 8 9 12 14 15 16 17 | 17.4
Shapeshifting  | 6 9 10 11 | 11.1
Dodging        | 2 4 |  4.8
Stealth        | 1 4 |  4.7
Fighting       | |  1.1

Action                     |  1- 3 |  4- 6 |  7- 9 | 10-12 | 13-15 || total
---------------------------+-------+-------+-------+-------+-------++-------
  Melee: Unarmed           |    98 |   194 |   230 |   477 |    41 ||  1040
         Tailslap          |     9 |    22 |    37 |    95 |     7 ||   170
         Punch             |     1 |     4 |    19 |    48 |     4 ||    76
Ability: Breathe Dispellin |       |       |    15 |     3 |       ||    18
         Lunge             |       |       |     4 |    33 |     2 ||    39
         Whirlwind         |       |       |       |    35 |     4 ||    39
  Evoke: Wand              |       |       |       |     4 |       ||     4
    Use: Potion            |       |     1 |       |     7 |       ||     8
         Scroll            |       |       |    14 |     5 |     1 ||    20
   Stab: Sleeping          |       |     1 |       |     6 |     2 ||     9
 Armour: Skin              |    26 |    40 |    61 |   105 |    17 ||   249
  Dodge: Dodged            |    62 |    87 |    80 |   171 |    16 ||   416
  Block: Other             |       |       |     1 |    76 |     8 ||    85
         Reflection        |       |       |       |     2 |       ||     2
   Form: Blade             |       |       |       |     1 |       ||     1

Table legend: (Time is in decaauts)
 A = Elapsed time spent in this place.
 B = Non-inter-level travel time spent in this place.
 C = Inter-level travel time spent in this place.
 D = Time resting spent in this place.
 E = Time spent auto-exploring this place.
 F = Levels seen in this place.
 G = Mean time per level.
                   A        B        C        D        E       F      G
               +--------+--------+--------+--------+--------+-----+--------+
         Total |  15455 |  15064 |    391 |   2963 |   8654 |  17 |  909.1 |
       Dungeon |  10670 |  10336 |    334 |   1684 |   6660 |  10 | 1067.0 |
        Temple |     12 |     12 |      0 |      0 |      0 |   1 |   12.0 |
          Lair |   4213 |   4156 |     57 |   1217 |   1780 |   5 |  842.6 |
         Sewer |    558 |    558 |      0 |     62 |    214 |   1 |  558.0 |
               +--------+--------+--------+--------+--------+-----+--------+

Top non-repeatable levels by time:
  Lair:5: 1923 daAuts
     D:8: 1765 daAuts
     D:9: 1744 daAuts
    D:10: 1288 daAuts
     D:3: 1201 daAuts
  Lair:1: 1099 daAuts
     D:5: 1086 daAuts
     D:7: 895 daAuts
  Lair:2: 857 daAuts
     D:4: 847 daAuts
     D:6: 644 daAuts
     D:2: 640 daAuts
   Sewer: 558 daAuts
     D:1: 556 daAuts
  Lair:3: 320 daAuts
